 Dungeon Crawl Stone Soup version 0.26-a0-1101-g8f9f7f7418 (webtiles) character file.

Game seed: 6879321775337190409

557 kae the Chopper (level 7, -1/61 HPs)
             Began as a Hill Orc Fighter on Dec 15, 2020.
             Slain by a yak (13 damage)
             ... on level 4 of the Dungeon.
             The game lasted 00:02:27 (4530 turns).

kae the Chopper (Hill Orc Fighter)                  Turns: 4530, Time: 00:02:27

Health: -1/61      AC:  9    Str: 21    XL:     7   Next: 30%
Magic:  7/7        EV: 12    Int:  8    God:
Gold:   107        SH:  9    Dex: 10    Spells: 6/6 levels left

rFire    . . .     SeeInvis .   a - +1 war axe
rCold    . . .     Faith    .   c - +0 kite shield
rNeg     + . .     Spirit   .   b - +0 scale mail
rPois    .         Reflect  .   (no helmet)
rElec    .         Harm     .   (no cloak)
rCorr    .         Rampage  .   k - +1 pair of gloves
Will     .....                  (no boots)
Stlth    ..........             (no amulet)
HPRegen  0.20/turn              v - +4 ring of evasion
MPRegen  0.10/turn              p - ring of positive energy

@: no status effects
A: no striking features
a: no special abilities


You were on level 4 of the Dungeon.
You visited 1 branch of the dungeon, and saw 5 of its levels.

You collected 107 gold pieces.

Inventory:

Hand Weapons
 a - a +1 war axe (weapon)
Armour
 b - a +0 scale mail (worn)
 c - a +0 kite shield (worn)
 k - a +1 pair of gloves (worn)
Jewellery
 n - an uncursed ring of magical power
 p - a ring of positive energy (right hand)
 s - a cursed amulet of inaccuracy
 v - a +4 ring of evasion (left hand)
 x - a +6 ring of intelligence {unknown}
Wands
 y - a wand of polymorph (9)
Scrolls
 e - 3 scrolls of teleportation
 i - 2 scrolls of enchant armour
 l - a scroll of blinking {unknown}
 m - 2 scrolls of remove curse
 o - 2 scrolls of fog
 r - a scroll of identify
 u - a scroll of magic mapping
Potions
 d - a potion of might
 f - 5 potions of curing
 g - 2 potions of attraction {unknown}
 h - a potion of berserk rage {unknown}
 j - 2 potions of heal wounds {unknown}
 q - 3 potions of degeneration {unknown}
 t - 2 potions of mutation {unknown}
 w - 3 potions of ambrosia {unknown}


   Skills:
 + Level 5.4 Fighting
 * Level 6.8 Axes
 + Level 4.9 Armour
 + Level 2.5 Dodging
 - Level 3.2 Shields


You had 6 spell levels left.
You didn't know any spells.
Your spell library was empty.

Dungeon Overview and Level Annotations

Branches:
Dungeon (5/15)
 Temple: D:4-7

Altars:
Nemelex Xobeh
The Shining One


Message History

You hit the yak but do no damage.
The yak is heavily wounded.
You hit the yak but do no damage. The yak gores you! The yak gores you.
You barely miss the yak.
The yak is heavily wounded.
You hit the yak but do no damage. You block the yak's attack.
The yak gores you!
* * * LOW HITPOINT WARNING * * *
You block the yak's attack.
You slash the yak!
The yak is severely wounded.
You barely miss the yak.
The yak gores you but does no damage. x2
You completely miss the yak.
The yak is severely wounded.
You closely miss the yak.
The yak gores you but does no damage. x2
The yak closely misses you.
You hit the yak but do no damage.
The yak is severely wounded.
You completely miss the yak. The yak gores you!
You die...

......#......................#...
....####.########............#...
##'#####.#...(..#............#...
.........'......#.....########...
.........#......##'####.......###
.........#....................#..
.........#....................#..
.........#......Y>........<...#..
(........#......@Y............'..
.##.##.###....................#..
###.##.#.....##########.......#..
.......#.....# #.......###
.......#.....# #..........
.......#.....# #..........
.##....#.....# #..........
.##....#.....# #..........
..#....#.....# #..........


You could see 2 yaks.

Vanquished Creatures
  An ogre (D:4)
  A wolf (D:4)
  A howler monkey (D:4)
  A bullfrog skeleton (D:4)
  3 orc priests
  3 orc wizards
  7 adders
  An ooze (D:1)
  2 dart slugs
  2 leopard geckos
  13 orcs
  4 giant cockroaches
  9 goblins
  9 hobgoblins
  4 jackals (D:3)
  2 quokkas
  A ball python (D:1)
  7 bats
  7 frilled lizards
  5 kobolds
  4 rats
87 creatures vanquished.

Notes
Turn   | Place    | Note
-------+----------+-------------------------------------------
     0 | D:1      | kae the Hill Orc Fighter began the quest for the Orb.
     0 | D:1      | Reached XP level 1. HP: 19/19 MP: 1/1
    59 | D:1      | Reached skill level 3 in Axes
   155 | D:1      | Reached XP level 2. HP: 22/27 MP: 2/2
   709 | D:1      | Reached XP level 3. HP: 33/33 MP: 3/3
  1442 | D:2      | Reached skill level 1 in Dodging
  1535 | D:2      | Reached skill level 4 in Axes
  1535 | D:2      | Reached XP level 4. HP: 34/40 MP: 4/4
  2380 | D:3      | Reached XP level 5. HP: 42/47 MP: 5/5
  2556 | D:3      | Reached skill level 5 in Axes
  2894 | D:3      | Found a sparkling altar of Nemelex Xobeh.
  2948 | D:3      | Reached XP level 6. HP: 55/55 MP: 6/6
  3473 | D:4      | Found a glowing golden altar of the Shining One.
  3515 | D:4      | Noticed an orc warrior
  3527 | D:4      | Reached skill level 5 in Fighting
  3527 | D:4      | Reached skill level 6 in Axes
  3817 | D:4      | HP: 2/56 [ogre/+0 giant club (14)]
  3819 | D:4      | Reached XP level 7. HP: 3/61 MP: 7/7
  4516 | D:5      | Entered Level 5 of the Dungeon
  4516 | D:5      | Noticed a yak
  4516 | D:5      | Noticed a yak
  4516 | D:5      | Noticed a yak
  4530 | D:4      | Slain by a yak

Illustrated notes

Levels and vault maps discovered:
D:1:      wander_arrival_desolate, layout_basic
D:2:      layout_basic
D:3:      layout_basic, nemelex_altar_shiori, lightli_corner_chamber
D:4:      layout_gridville, tso_metal_star
D:5:      layout_rooms, led_sif_book

Skill      XL: |  1  2  3  4  5  6 |
---------------+-------------------+-----
Axes           | 3 4 5 6 |  6.8
Fighting       | 4 5 |  5.4
Dodging        | 1 2 |  2.5
Armour         | 4 |  4.9
Shields        | |  3.2

Action                   |  1- 3 |  4- 6 |  7- 9 || total
-------------------------+-------+-------+-------++-------
Melee: War axe           |    83 |   186 |    15 ||   284
Evoke: Wand              |       |       |     1 ||     1
  Use: Scroll            |     5 |     7 |       ||    12
Armor: Scale mail        |    34 |    94 |     5 ||   133
Dodge: Dodged            |    24 |    68 |    10 ||   102
Block: Kite shield       |    50 |    96 |     8 ||   154

Table legend: (Time is in decaauts)
 A = Elapsed time spent in this place.
 B = Non-inter-level travel time spent in this place.
 C = Inter-level travel time spent in this place.
 D = Time resting spent in this place.
 E = Time spent auto-exploring this place.
 F = Levels seen in this place.
 G = Mean time per level.
                   A        B        C        D        E       F      G
               +--------+--------+--------+--------+--------+-----+--------+
         Total |   4636 |   4524 |    112 |    761 |   3121 |   5 |  927.2 |
       Dungeon |   4636 |   4524 |    112 |    761 |   3121 |   5 |  927.2 |
               +--------+--------+--------+--------+--------+-----+--------+

Top non-repeatable levels by time:
     D:2: 1489 daAuts
     D:4: 1254 daAuts
     D:3: 1146 daAuts
     D:1: 743 daAuts
     D:5: 2 daAuts
